 Dungeon Crawl Stone Soup version 0.28.0-53-g5a82cb258f (webtiles) character file.

Game seed: 4820542568557461276

29 Revguard the Ducker (level 3, 0/40 HPs)
             Began as a Demonspawn Gladiator on June 14, 2022.
             Succumbed to an adder's poison
             ... on level 2 of the Dungeon.
             The game lasted 00:01:41 (533 turns).

Revguard the Ducker (Demonspawn Gladiator)           Turns: 533, Time: 00:01:42

Health: 0/40       AC:  5    Str: 14    XL:     3   Next: 1%
Magic:  3/3        EV: 11    Int:  9    God:
Gold:   47         SH:  0    Dex: 16    Spells: 2/2 levels left

rFire   . . .      SeeInvis .   a - +0 long sword
rCold   . . .      Faith    .   (no shield)
rNeg    . . .      Spirit   .   f - +0 ring mail
rPois   .          Reflect  .   (helmet restricted)
rElec   .          Harm     .   (no cloak)
rCorr   .          Rampage  .   (no gloves)
Will    .....                   (no boots)
Stlth   ..........              (no amulet)
HPRegen 0.13/turn               (no ring)
MPRegen 0.08/turn               (no ring)

@: berserking, lethally poisoned (0 -> -13), very quick
A: antennae 2
a: no special abilities


You were on level 2 of the Dungeon.
You visited 1 branch of the dungeon, and saw 2 of its levels.

You collected 47 gold pieces.

Inventory:

Hand Weapons
 a - a +0 long sword (weapon)
Missiles
 d - 3 throwing nets (quivered)
Armour
 b - a +0 leather armour
 c - a +0 helmet
 f - a +0 ring mail (worn)
Scrolls
 e - a scroll of magic mapping {unknown}
 i - 3 scrolls of identify {unknown}
Potions
 h - a potion of curing {unknown}


   Skills:
 + Level 2.2 Fighting
 * Level 2.9 Long Blades
 - Level 1.7 Throwing
 + Level 0.6 Armour
 * Level 3.1 Dodging
 + Level 1.0 Invocations
 + Level 0.6 Evocations


You had 2 spell levels left.
You didn't know any spells.
Your spell library was empty.

Dungeon Overview and Level Annotations

Branches:
Dungeon (2/15)

Altars:


Innate Abilities, Weirdness & Mutations

You have a pair of antennae on your head.


Message History

The adder is severely wounded.
The adder closely misses you.
You hit the adder.
The adder is severely wounded.
The adder bites you. The adder closely misses you.
You miss the adder.
The adder is severely wounded.
The adder barely misses you.
You hit the adder.
The adder is almost dead.
The adder bites you but does no damage. The adder closely misses you.
You completely miss the adder.
The adder is almost dead.
The adder bites you.
You are poisoned.
The adder poisons you!
You closely miss the adder.
The adder is almost dead.
You feel sick. The adder bites you.
* * * LOW HITPOINT WARNING * * *
You are more poisoned.
The adder poisons you! The adder bites you.
* * * LOW HITPOINT WARNING * * *
It was a potion of berserk rage.
A red film seems to cover your vision as you go berserk!
You feel yourself moving faster!
You feel mighty!
You feel sick. The adder bites you.
* * * LOW HITPOINT WARNING * * *
You are lethally poisoned!
The adder poisons you!
You barely miss the adder.
The adder is almost dead.
* * * LOW HITPOINT WARNING * * *
You feel sick. The adder barely misses you. The adder bites you.
* * * LOW HITPOINT WARNING * * *
You are more poisoned.
The adder poisons you!
You slash the adder!
You kill the adder!
You die...

#. #. #. #S #$ #.
###
######.###<#######
........@?.......#
######.###.#####.#
#. #.# #g #.# #.
#.# #. #.# #. #.#
#. #..


There were no monsters in sight!

Vanquished Creatures
  An adder (D:2)
  2 dart slugs (D:1)
  2 endoplasms (D:1)
  2 goblins (D:1)
  8 hobgoblins
  2 jackals (D:1)
  A kobold (D:1)
  A bat (D:1)
  A frilled lizard (D:1)
  2 rats
22 creatures vanquished.

Notes
Turn   | Place    | Note
-------+----------+-------------------------------------------
     0 | D:1      | Revguard the Demonspawn Gladiator began the quest for the
                  | Orb.
     0 | D:1      | Reached XP level 1. HP: 16/16 MP: 1/1
   118 | D:1      | Discovered your monstrous ancestry.
   118 | D:1      | Gained mutation: You have a pair of small antennae on your
                  | head. [demonic ancestry]
   118 | D:1      | Reached XP level 2. HP: 22/22 MP: 2/2
   247 | D:1      | Reached skill level 3 in Dodging
   435 | D:1      | Reached skill level 1 in Invocations
   517 | D:2      | Gained mutation: You have a pair of antennae on your head.
                  | [demonic ancestry]
   517 | D:2      | Reached XP level 3. HP: 24/27 MP: 3/3
   533 | D:2      | Succumbed to an adder's poison

Illustrated notes

Levels and vault maps discovered:
D:1:      lightli_arrival_chessboard, layout_basic
D:2:      layout_basic

Skill      XL: |  1  2 |
---------------+-------+-----
Dodging        | 3 |  3.1
Invocations    | 1 |  1.0
Fighting       | |  2.2
Long Blades    | |  2.9
Throwing       | |  1.7
Armour         | |  0.6
Evocations     | |  0.6

Action                   || total
-------------------------++-------
Melee: Long sword        ||    68
  Use: Potion            ||     1
Armor: Leather armour    ||     3
       Ring mail         ||    24
Dodge: Dodged            ||    51
